AoeStats
← 你好

MegaRandom

510101710Analyzed
4v4 RM · 3d ago on Sep 29, 2026· 34m 11s· 8 players
Game mode
Random Map
Map size
Large (8 player)
Population
200
Speed
Normal
Resources
Standard
Victory
Conquest
Starting age
Dark Age
Ending age
Imperial Age
RankedLock teamsTeams togetherTeam positionsShared explorationLock speedFull tech treeHidden civsTurbo modeCheats
Victory
Defeat
🇮🇹 Lithuanians · Italy
1528
+12
🇩🇪 Teutons · Germany
1465
+15
🇨🇳 Bohemians · China
1345
+21
🇨🇳 Ethiopians · China
1331
+21
🇨🇳 Saxons · China
1485
-19
🇨🇳 Poles · China
1451
-18
🇨🇳 Vietnamese · China
1420
-16
🇨🇳 Varangians · China
1403
-16
卫星点灯
10:37 Feudal Age
11:33 Double-Bit Axe
11:42 Horse Collar
16:13 Bloodlines
22:52 Scale Barding Armor
23:41 Forging
27:29 Castle Age
28:17 Wheelbarrow
28:42 Chain Barding Armor
28:57 Iron Casting
28:25 Husbandry
28:55 Bow Saw
28:46 Heavy Plow
29:22 Gold Mining
30:21 Szlachta Privileges
32:10 Hand Cart
snk
6:20 Loom
9:32 Feudal Age
10:19 Double-Bit Axe
12:17 Bloodlines
15:37 Horse Collar
20:42 Padded Archer Armor
24:58 Castle Age
24:03 Scale Barding Armor
26:27 Chain Barding Armor
26:18 Forging
26:24 Husbandry
29:35 Iron Casting
33:23 Town Watch
喜足天
7:51 Loom
11:33 Feudal Age
16:48 Castle Age
15:05 Double-Bit Axe
15:08 Fishing Lines
16:30 Gold Mining
16:50 Fletching
18:04 Wheelbarrow
18:42 Bow Saw
26:27 Horse Collar
28:29 Gillnets
29:14 Bloodlines
29:32 Bodkin Arrow
29:40 Padded Archer Armor
31:25 Leather Archer Armor
31:14 Husbandry
32:19 Hand Cart
34:02 Ballistics
33:24 Treadmill Crane
NyaNyaX
8:23 Loom
10:35 Feudal Age
11:13 Town Watch
11:23 Double-Bit Axe
11:35 Horse Collar
15:41 Scale Mail Armor
15:33 Fletching
23:18 Padded Archer Armor
29:17 Castle Age
32:07 Gold Mining
eraycoskun33
4:51 Loom
11:55 Feudal Age
16:33 Fletching
21:06 Wheelbarrow
20:30 Double-Bit Axe
20:28 Horse Collar
26:32 Castle Age
26:15 Gold Mining
26:23 Stone Mining
28:13 Bodkin Arrow
30:05 Bow Saw
30:20 Scale Mail Armor
30:30 Forging
31:46 Squires
31:31 Arson
32:21 Chain Mail Armor
32:16 Guard Tower
你好
7:39 Loom
10:13 Feudal Age
10:51 Double-Bit Axe
16:18 Fletching
17:20 Padded Archer Armor
23:07 Castle Age
22:06 Gold Mining
22:52 Stone Mining
24:00 Bow Saw
23:13 Crossbowman
23:54 Bodkin Arrow
26:30 Wheelbarrow
29:58 Ballistics
30:51 Gold Shaft Mining
31:16 Leather Archer Armor
33:17 Thumb Ring
33:25 Horse Collar
我要压力你了
5:28 Loom
12:09 Feudal Age
12:51 Double-Bit Axe
19:08 Castle Age
20:49 Bow Saw
25:25 Chemistry
27:01 Fletching
28:21 Wheelbarrow
29:48 Horse Collar
31:35 Pikeman
33:36 Scale Mail Armor
33:46 Forging
Evol_
9:18 Feudal Age
10:03 Loom
12:19 Double-Bit Axe
18:12 Forging
23:57 Castle Age
22:54 Scale Barding Armor
23:14 Bloodlines
26:00 Iron Casting
30:41 Horse Collar
32:55 Chain Barding Armor
Connection lost

Rejoining the realm…

Still unreachable

The connection could not be restored.

Session expired

The server has moved on; the page needs a fresh start.